 Dungeon Sprint DCSS version 0.31-a0-339-gda1cbd555d (webtiles) character file.

Game seed: 7771918347080076143

7600000 Monkooky the Ninja (level 24, -28/249 HPs)
             Began as a Ghoul Warper on July 20, 2023.
             Was the Champion of Makhleb.
             Killed by dispel undead
             ... invoked by a wretched soul
              (63 damage)
             ... in the Dungeon (Sprint VIII: "Arena of Blood").
             The game lasted 00:02:41 (76 turns).

Monkooky the Ninja (Ghoul Warper)                     Turns: 76, Time: 00:02:42

Health: -28/249    AC:  6    Str: 18    XL:     24   Next: 99%
Magic:  23/53      EV: 23    Int: 12    God:    Makhleb [******]
Gold:   0          SH:  0    Dex: 12    Spells: 77/77 levels left

rFire   . . .        i - +∞ Axe of Woe
rCold   + . .        (shield currently unavailable)
rNeg    + + +        b - +0 leather armour
rPois   ∞            (no helmet)
rElec   .            (no cloak)
rCorr   .            (no gloves)
SInv    +            (no boots)
Will    +....        (no amulet)
Stlth   +++++++++    g - ring of see invisible
HPRegen 0.00/turn    (no ring)
MPRegen 0.33/turn

%: no teleportation
@: inhibited regen
A: claws 1, cold resistance 1, negative energy resistance 3, inhibited
regeneration, torment resistance 2, devour on kill
a: Renounce Religion, Minor Destruction, Lesser Servant of Makhleb, Major
Destruction, Greater Servant of Makhleb


You were in the Dungeon.
You worshipped Makhleb.
Makhleb was exalted by your worship.
You visited 1 branch

Inventory:

Hand Weapons
 a - a +0 hand axe
 i - the +∞ Axe of Woe (weapon)
   (You found it in the Dungeon)
Missiles
 d - 7 boomerangs of dispersal (quivered)
Armour
 b - a +0 leather armour (worn)
Jewellery
 g - a ring of see invisible (left claw)
Potions
 e - a potion of curing
 f - a potion of heal wounds
 h - 2 potions of magic


   Skills:
 O Level 27 Fighting
 + Level 14.8(17.3) Short Blades
 + Level 14.8(17.3) Long Blades
 O Level 27 Axes
 O Level 27 Maces & Flails
 O Level 27 Polearms
 + Level 14.8(27) Staves
 + Level 14.8 Ranged Weapons
 O Level 27 Throwing
 O Level 27 Armour
 O Level 27 Dodging
 O Level 27 Stealth
 + Level 14.8 Shields
 O Level 27 Unarmed Combat
 O Level 27 Spellcasting
 O Level 27 Translocations
 O Level 27 Invocations


You had 77 spell levels left.
You didn't know any spells.
Your spell library contained the following spells:

 Spells                   Type           Power      Damage    Failure   Level
 Blink                    Tloc           100%       N/A       0%          2
 Lesser Beckoning         Tloc           100%       N/A       0%          2
 Teleport Other           Tloc           69%        N/A       0%          3
 Manifold Assault         Tloc           69%        N/A       0%          4
 Vhi's Electric Charge    Tloc/Air       96%        N/A       1%          3


Dungeon Overview and Level Annotations

Branches:
Dungeon (1/1)

Altars:
Makhleb


Innate Abilities, Weirdness & Mutations

You are immune to poison.
You have sharp fingernails.
Your flesh is cold resistant. (rC+)
You are immune to negative energy. (rN+++)
You do not regenerate when monsters are visible.
You are immune to unholy pain and torment.
You thrive by killing the living.


Message History

Your base Staves skill gained 8 levels and is now at level 14!
Your Ranged Weapons skill gained 8 levels and is now at level 14!
Your Shields skill gained 8 levels and is now at level 14!
The wretched soul appears out of thin air!
A wretched soul comes into view.
You hear a shout! x7
Unknown command.
You strike the helpless wretched soul from behind!
You hit the wretched soul.
You fatally mangle the wretched soul.
You destroy the wretched soul!
Makhleb accepts your kill.
You feel better.
The wretched soul appears out of thin air!
A wretched soul comes into view.
You feel yourself slow down.
You hear a shout! x3 3 bags of meat and 2 accurseds come into view.
You hear a shout! x4
A meat berserker comes into view. It is wielding a +9 battleaxe.
A bag of meat comes into view. It is wielding a +9 war axe.
The dread throws damnation at you.
The sphere of damnation explodes!
The damnation engulfs you!!!
You hear a shout!
The accursed casts a spell at you. Something smites you!
A meat berserker comes into view. It is wielding a +9 battleaxe.
You convulse!
* * * LOW HITPOINT WARNING * * *
A wretched soul comes into view.
The accursed moves out of view.
The bag of meat shouts! 2 bags of meat and a sculptor of flesh come into view.
The bag of meat shouts!
You hear a shout!
The meat berserker rages.
You hear a shout! x4
A bag of meat comes into view. It is wielding a +9 war axe.
You hear a shout! x2
A meat berserker comes into view. It is wielding a +9 battleaxe.
You convulse!
You die... )§........... )§☼§.......o.O .oO )§oo..........# ...o )Do○.......O##O #.oMo

o)#....M...#... #...z#
.o..2......#...###....#.
o##.#.....M......W..#o..
o...o..2..............W.
#.oo.#.oo..####.@W...o..
o§...........#.......###
oo.oO..z.....2....####
§§§oo.o........####
################


You could see 2 accurseds, a meat beast (fast), a sculptor of flesh (wandering),
a dread, 4 meat berserkers, 2 wretched souls and 6 bags of meat.

Vanquished Creatures
  A hell beast (D)
  8 vampire knights (D)
  13 ogres (D)
  6 two-headed ogres (D)
  A hydra (D)
  A phantom (D)
  30 orcs (D)
60 creatures vanquished.

Notes
Turn   | Place    | Note
-------+----------+-------------------------------------------
     0 | D        | Found the +∞ Axe of Woe
     0 | D        | Monkooky the Ghoul Warper began the quest for the Orb.
     0 | D        | Reached XP level 1. HP: 17/17 MP: 2/2
     1 | D        | Noticed a bag of meat
     1 | D        | Noticed a bag of meat
     3 | D        | Became a worshipper of Makhleb the Destroyer
     3 | D        | Noticed a bag of meat
     4 | D        | Noticed a bag of meat
     5 | D        | Noticed a bag of meat
     5 | D        | Noticed a bag of meat
     5 | D        | Noticed a bag of meat
     6 | D        | Killed a bag of meat
     7 | D        | Reached XP level 2. HP: 24/24 MP: 3/3
     7 | D        | Reached XP level 3. HP: 29/29 MP: 4/4
     7 | D        | Reached XP level 4. HP: 36/36 MP: 5/5
     7 | D        | Reached XP level 5. HP: 41/41 MP: 6/6
     7 | D        | Reached XP level 6. HP: 48/48 MP: 7/7
     7 | D        | Reached XP level 7. HP: 55/55 MP: 8/8
     7 | D        | Reached XP level 8. HP: 61/61 MP: 9/9
     7 | D        | Reached XP level 9. HP: 67/67 MP: 10/10
     7 | D        | Reached XP level 10. HP: 73/73 MP: 11/11
     7 | D        | Reached XP level 11. HP: 79/79 MP: 12/12
     8 | D        | Killed a bag of meat
     8 | D        | Reached * piety under Makhleb
     8 | D        | Noticed a meat berserker
     8 | D        | Noticed a bag of meat
     9 | D        | Reached XP level 12. HP: 85/85 MP: 12/19
     9 | D        | Noticed a bag of meat
     9 | D        | Noticed a bag of meat
    10 | D        | Noticed a bag of meat
    10 | D        | Killed a bag of meat
    10 | D        | Noticed a bag of meat
    11 | D        | Reached skill level 15 in Invocations
    11 | D        | Killed a bag of meat
    12 | D        | Reached XP level 13. HP: 91/91 MP: 12/25
    12 | D        | Noticed a bag of meat
    12 | D        | Noticed a bag of meat
    12 | D        | Noticed a bag of meat
    12 | D        | Noticed a bag of meat
    12 | D        | Noticed a bag of meat
    13 | D        | Noticed a meat berserker
    13 | D        | Noticed a meat berserker
    14 | D        | Killed a meat berserker
    14 | D        | Reached ** piety under Makhleb
    14 | D        | Killed a bag of meat
    14 | D        | Noticed a bag of meat
    15 | D        | Reached XP level 14. HP: 99/99 MP: 12/28
    15 | D        | Noticed a bag of meat
    16 | D        | Noticed a meat berserker
    16 | D        | Noticed a bag of meat
    16 | D        | Noticed a bag of meat
    16 | D        | Noticed a meat berserker
    17 | D        | Killed a meat berserker
    17 | D        | Noticed a meat berserker
    18 | D        | Reached skill level 27 in Stealth
    18 | D        | Reached XP level 15. HP: 104/104 MP: 13/29
    18 | D        | Killed a meat berserker
    18 | D        | Reached *** piety under Makhleb
    19 | D        | Reached skill level 27 in Invocations
    19 | D        | Reached skill level 10 in Fighting
    19 | D        | Noticed a destroyer
    22 | D        | Killed a meat berserker
    23 | D        | Reached skill level 15 in Fighting
    23 | D        | Noticed a large bag of meat
    23 | D        | Reached **** piety under Makhleb
    23 | D        | Noticed a meat berserker
    24 | D        | Reached skill level 15 in Dodging
    24 | D        | Reached XP level 16. HP: 162/162 MP: 13/32
    24 | D        | Noticed a large bag of meat
    24 | D        | Noticed a meat berserker
    24 | D        | Noticed a large bag of meat
    25 | D        | Noticed a large bag of meat
    25 | D        | Killed a meat berserker
    26 | D        | Noticed a destroyer
    26 | D        | Killed a large bag of meat
    27 | D        | Reached XP level 17. HP: 117/190 MP: 14/33
    27 | D        | Killed a destroyer
    27 | D        | Reached ***** piety under Makhleb
    28 | D        | Reached skill level 27 in Fighting
    30 | D        | Killed a large bag of meat
    30 | D        | Noticed a destroyer
    31 | D        | Reached skill level 27 in Dodging
    31 | D        | Reached XP level 18. HP: 124/200 MP: 14/34
    31 | D        | Killed a meat berserker
    31 | D        | Noticed a large bag of meat
    32 | D        | Reached skill level 10 in Spellcasting
    32 | D        | Killed a meat berserker
    32 | D        | Reached ****** piety under Makhleb
    32 | D        | Killed a meat berserker
    32 | D        | Noticed an eight-headed meat hydra
    32 | D        | Noticed a meat berserker
    33 | D        | Reached skill level 5 in Armour
    33 | D        | Reached XP level 19. HP: 194/207 MP: 15/35
    33 | D        | Noticed a meat berserker
    34 | D        | Noticed a destroyer
    36 | D        | Reached skill level 27 in Translocations
    36 | D        | Killed a destroyer
    37 | D        | Reached XP level 20. HP: 216/216 MP: 15/45
    38 | D        | Killed a meat berserker
    39 | D        | Reached skill level 15 in Armour
    39 | D        | Reached skill level 27 in Spellcasting
    39 | D        | Noticed a meat berserker
    41 | D        | Noticed a large bag of meat
    42 | D        | Noticed a destroyer
    43 | D        | Killed a destroyer
    44 | D        | Reached XP level 21. HP: 224/224 MP: 16/51
    44 | D        | Noticed a destroyer
    45 | D        | Killed a destroyer
    45 | D        | Killed a meat berserker
    46 | D        | Reached skill level 27 in Armour
    46 | D        | Reached skill level 27 in Axes
    46 | D        | Killed a destroyer
    48 | D        | Reached XP level 22. HP: 233/233 MP: 17/52
    50 | D        | Killed a destroyer
    51 | D        | Reached skill level 27 in Throwing
    54 | D        | Noticed a large bag of meat
    55 | D        | Noticed a destroyer
    55 | D        | Noticed a destroyer
    57 | D        | Killed a destroyer
    58 | D        | Killed a destroyer
    59 | D        | Reached XP level 23. HP: 240/240 MP: 19/53
    62 | D        | Noticed an accursed
    63 | D        | Killed a large bag of meat
    64 | D        | Killed a large bag of meat
    65 | D        | Reached skill level 27 in Unarmed Combat
    67 | D        | Killed a large bag of meat
    67 | D        | Killed a large bag of meat
    68 | D        | Reached skill level 27 in Maces & Flails
    68 | D        | Reached skill level 27 in Polearms
    68 | D        | Reached XP level 24. HP: 106/249 MP: 21/53
    69 | D        | Noticed a meat beast
    71 | D        | Noticed a meat beast
    71 | D        | Noticed a dread
    72 | D        | Killed a meat beast
    75 | D        | Noticed an accursed
    75 | D        | Noticed an accursed
    76 | D        | Killed from afar by a wretched soul

Illustrated notes

Levels and vault maps discovered:
D:        meatsprint

Skill      XL: |  1  2  3  4  5  6  7  8  9 10 11 12 13 14 15 16 17 18 19 20 21 22 23 24 |
---------------+-------------------------------------------------------------------------+-----
Axes           | 23 27 | 27.0
Stealth        | 13 19 24 27 | 27.0
Invocations    | 11 18 23 27 | 27.0
Fighting       | 19 26 27 | 27.0
Dodging        | 15 20 27 | 27.0
Armour         | 3 5 9 24 27 | 27.0
Spellcasting   | 8 13 22 27 | 27.0
Translocations | 14 23 27 | 27.0
Throwing       | 24 27 | 27.0
Maces & Flails | 17 27 | 27.0
Polearms       | 16 27 | 27.0
Unarmed Combat | 19 27 | 27.0
Short Blades   | 2 14 | 14.8
Long Blades    | 2 14 | 14.8
Staves         | 2 14 | 14.8
Ranged Weapons | 2 14 | 14.8
Shields        | 2 14 | 14.8

Action                     |  1- 3 |  4- 6 |  7- 9 | 10-12 | 13-15 | 16-18 | 19-21 | 22-24 || total
---------------------------+-------+-------+-------+-------+-------+-------+-------+-------++-------
  Melee: Executioner's axe |     1 |       |       |     3 |     5 |     6 |     7 |    11 ||    33
 Invoke: Greater Servant o |       |       |       |       |       |       |       |     3 ||     3
    Use: Potion            |       |       |       |     1 |       |       |       |       ||     1
         Scroll            |       |       |       |       |       |       |       |     2 ||     2
   Stab: Distracted        |       |       |       |       |       |       |       |     1 ||     1
  Dodge: Dodged            |       |       |       |       |       |     1 |     2 |     1 ||     4

Table legend: (Time is in decaauts)
 A = Elapsed time spent in this place.
 B = Non-inter-level travel time spent in this place.
 C = Inter-level travel time spent in this place.
 D = Time resting spent in this place.
 E = Time spent auto-exploring this place.
 F = Levels seen in this place.
 G = Mean time per level.
                   A        B        C        D        E       F      G
               +--------+--------+--------+--------+--------+-----+--------+
         Total |     49 |     49 |      0 |      0 |      0 |   1 |   49.0 |
       Dungeon |     49 |     49 |      0 |      0 |      0 |   1 |   49.0 |
               +--------+--------+--------+--------+--------+-----+--------+

Top non-repeatable levels by time:
       D: 49 daAuts
